 Dungeon Sprint DCSS version 0.30-a0-118-ga018f8e90f (webtiles) character file.

Game seed: 4192918263387728995

3900000 fingers the Intangible (level 16, -2/150 HPs)
             Began as a Felid Berserker on Sept 13, 2022.
             Was the Champion of Trog.
             Engulfed by a cloud of flame (6 damage)
             ... in the Dungeon (Sprint VIII: "Arena of Blood").
             The game lasted 00:02:11 (39 turns).

fingers the Intangible (Felid Berserker)              Turns: 39, Time: 00:02:11

Health: -2/150     AC:  3    Str: 17    XL:     16   Next: 89%
Magic:  28/34      EV: 39    Int: 10    God:    Trog [******]
Gold:   0          SH:  0    Dex: 18    Spells: 15/15 levels left
                                        Lives:  0   Deaths: 2

rFire   . . .      SeeInvis +      - Unarmed
rCold   + . .      Faith    .    (shield unavailable)
rNeg    . . .      Spirit   .    (body armour unavailable)
rPois   .          Reflect  .    (helmet unavailable)
rElec   .          Harm     .    (cloak unavailable)
rCorr   .          Rampage  .    (gloves unavailable)
Will    ++...      NoTele   +    (boots unavailable)
Stlth   ..........               (no amulet)
HPRegen 0.35/turn                g - +27000 ring of slaying
MPRegen 0.24/turn                (no ring)

@: berserking, very quick
A: very small, claws 1, fangs 3, see invisible, speed 1, shaggy fur 3, stealthy
paws, no weapons or thrown items, no armour, multi-lived
a: Renounce Religion, Berserk, Trog's Hand, Brothers in Arms


You were in the Dungeon.
You worshipped Trog.
Trog was exalted by your worship.
You visited 1 branch

Inventory:

Jewellery
 g - a +27000 ring of slaying (left paw)
Scrolls
 f - a scroll of blinking
Potions
 a - a potion of curing
 b - a potion of heal wounds
 c - a potion of haste
 d - 2 potions of magic


   Skills:
 O Level 27 Fighting
 O Level 27 Dodging
 O Level 27 Stealth
 O Level 27 Unarmed Combat
 O Level 27 Invocations
 O Level 27 Evocations


You had 15 spell levels left.
You didn't know any spells.
Your spell library was empty.

Dungeon Overview and Level Annotations

Branches:
Dungeon (1/1)

Altars:
Makhleb


Innate Abilities, Weirdness & Mutations

You have sharp claws.
You have razor-sharp teeth.
You have supernaturally acute eyesight. (SInv)
You cover ground quickly. (Speed+)
Your thick and shaggy fur keeps you warm. (AC +3, rC+)
Your paws help you pounce on unaware monsters.
You are incapable of wielding weapons or throwing items.
You cannot wear armour.
You gain extra lives every three experience levels.


Message History

You eviscerate the meat berserker!!!!!!!!!
You kill the meat berserker!
Trog accepts your kill.
You are engulfed in blazing flames.
You hear a shout!
Your Invocations skill gained 2 levels and is now at level 25!
You have mastered Evocations!
You eviscerate the bag of meat!!!!!!!!!!!
You kill the bag of meat!
Trog accepts your kill.
You are engulfed in blazing flames.
You hear a shout! x2
The meat berserker is engulfed in blazing flames.
You hear a shout! x4
You have mastered Invocations!
You cannot train any new skills!
You eviscerate the destroyer!!!!!!!!!
You destroy the destroyer!
Trog accepts your kill.
Trog appreciates your killing of a magic user.
You are engulfed in blazing flames.
You hear a shout!
A bag of meat comes into view. It is wielding a +9 war axe.
You are engulfed in blazing flames.
The bag of meat shouts!
The destroyer shouts!
You hear two shouts!
You hear a shout!
The meat berserker is engulfed in blazing flames.
The meat berserker hits you with a +9 battleaxe!!!!
* * * LOW HITPOINT WARNING * * *
The destroyer points at you and mumbles some strange words.
The destroyer blinks!
You hear a shout!
The bag of meat is engulfed in blazing flames. x2
A bag of meat comes into view. It is wielding a +9 war axe.
You hear a shout! x2; The bag of meat shouts!
You eviscerate the meat berserker!!!!!!!!!!
You kill the meat berserker!
Trog accepts your kill.
You are engulfed in blazing flames.
You die...

....... ..... o......
..... ...o. .....o...
..... ...o.. #..o....#
...... ..#.o. #V.o....#
......
....oo###...o.Oo###..O...
.........oO###...........
...#..oO@§o._............
#.o...)§#oOOO.#†O...o.#
....D..zV#_V<._#O........
.#V...§..#.V.)O#......#V#
...#......o†O).......o...
..........)###......O..#.
..o...###.......###....O.
§o.... #.......# ...oo.
...... #.......# ...oo.


You could see an eight-headed meat hydra, 4 destroyers, a sculptor of flesh, a
large bag of meat (inner flame), 5 meat berserkers and 16 bags of meat.

Vanquished Creatures
  2 vampire knights (D)
  9 ogres (D)
  A two-headed ogre (D)
  8 orcs (D)
20 creatures vanquished.

Notes
Turn   | Place    | Note
-------+----------+-------------------------------------------
     0 | D        | fingers the Felid Berserker began the quest for the Orb.
     0 | D        | Reached XP level 1. HP: 10/10 MP: 2/2
     2 | D        | Noticed a bag of meat
     3 | D        | Noticed a meat berserker
     4 | D        | Noticed a bag of meat
     6 | D        | Noticed a bag of meat
     6 | D        | Noticed a bag of meat
     7 | D        | Noticed a meat berserker
     8 | D        | Killed a meat berserker
     8 | D        | Noticed a bag of meat
     9 | D        | Reached XP level 2. HP: 28/28 MP: 3/3
     9 | D        | Reached XP level 3. HP: 32/32 MP: 4/4
     9 | D        | Reached XP level 4. HP: 37/37 MP: 5/5
     9 | D        | Reached XP level 5. HP: 40/40 MP: 6/6
     9 | D        | Gained mutation: You are covered in thick fur. (AC +2)
                  | [Felid growth]
     9 | D        | Reached XP level 6. HP: 45/45 MP: 7/7
     9 | D        | Reached XP level 7. HP: 48/48 MP: 8/8
     9 | D        | Reached XP level 8. HP: 53/53 MP: 9/9
     9 | D        | Reached XP level 9. HP: 57/57 MP: 10/10
     9 | D        | Reached XP level 10. HP: 61/61 MP: 11/11
     9 | D        | Reached XP level 11. HP: 64/64 MP: 12/12
     9 | D        | Killed a bag of meat
    10 | D        | Gained mutation: Your thick and shaggy fur keeps you warm.
                  | (AC +3, rC+) [Felid growth]
    10 | D        | Reached XP level 12. HP: 71/71 MP: 13/13
    10 | D        | Noticed a bag of meat
    11 | D        | Killed a bag of meat
    11 | D        | Reached ** piety under Trog
    12 | D        | Reached XP level 13. HP: 76/76 MP: 14/14
    12 | D        | Noticed a meat berserker
    13 | D        | Noticed a bag of meat
    13 | D        | Noticed a meat berserker
    14 | D        | Noticed a bag of meat
    14 | D        | Noticed a meat berserker
    16 | D        | Killed a bag of meat
    16 | D        | Noticed a bag of meat
    16 | D        | Noticed a bag of meat
    17 | D        | Killed a meat berserker
    18 | D        | Reached skill level 27 in Dodging
    18 | D        | Reached XP level 14. HP: 9/85 MP: 15/15
    18 | D        | Killed a bag of meat
    18 | D        | Reached *** piety under Trog
    18 | D        | Noticed a meat berserker
    19 | D        | Killed a meat berserker
    20 | D        | Noticed a destroyer
    20 | D        | Killed a meat berserker
    20 | D        | Noticed a destroyer
    21 | D        | Reached skill level 27 in Fighting
    21 | D        | Reached skill level 27 in Unarmed Combat
    21 | D        | Reached XP level 15. HP: 11/95 MP: 16/16
    21 | D        | Killed a meat berserker
    21 | D        | Reached **** piety under Trog
    21 | D        | Noticed a meat berserker
    22 | D        | Reached skill level 15 in Stealth
    22 | D        | Reached skill level 10 in Invocations
    22 | D        | Noticed a large bag of meat
    22 | D        | Noticed a meat berserker
    23 | D        | Noticed a meat berserker
    24 | D        | Reached XP level 16. HP: 12/100 MP: 16/27
    24 | D        | Killed a destroyer
    24 | D        | Reached ***** piety under Trog
    24 | D        | Annihilated by a meat berserker
    25 | D        | Reached XP level 15. HP: -52/95 MP: 16/26
    25 | D        | Noticed a meat berserker
    25 | D        | Noticed a meat berserker
    25 | D        | Noticed a meat berserker
    25 | D        | Noticed a large bag of meat
    25 | D        | Noticed a meat berserker
    26 | D        | HP: 2/95 [meat berserker/+9 battleaxe (93)]
    27 | D        | Noticed a meat berserker
    27 | D        | Annihilated by a meat berserker
    28 | D        | Reached XP level 14. HP: -74/136 MP: 27/27
    28 | D        | Noticed a bag of meat
    28 | D        | Noticed a bag of meat
    28 | D        | Noticed a meat berserker
    28 | D        | Noticed a destroyer
    28 | D        | Noticed a meat berserker
    28 | D        | Noticed a meat berserker
    28 | D        | Noticed a bag of meat
    28 | D        | Noticed a bag of meat
    29 | D        | Killed a meat berserker
    30 | D        | Reached skill level 27 in Stealth
    30 | D        | Reached XP level 15. HP: 95/95 MP: 28/28
    30 | D        | Noticed an eight-headed meat hydra
    30 | D        | Noticed a destroyer
    32 | D        | Killed a meat berserker
    32 | D        | Noticed a destroyer
    33 | D        | Noticed a sculptor of flesh
    34 | D        | Killed a large bag of meat
    35 | D        | Reached XP level 16. HP: 100/100 MP: 28/32
    35 | D        | Noticed a destroyer
    35 | D        | Killed a meat berserker
    36 | D        | Reached skill level 27 in Evocations
    37 | D        | Reached skill level 27 in Invocations
    37 | D        | Killed a destroyer
    37 | D        | Reached ****** piety under Trog
    38 | D        | HP: 4/150 [meat berserker/+9 battleaxe (74)]
    39 | D        | Killed a meat berserker
    39 | D        | Engulfed by a cloud of flame

Illustrated notes

Levels and vault maps discovered:
D:        meatsprint

Skill      XL: |  1  2  3  4  5  6  7  8  9 10 11 12 13 14 15 16 |
---------------+-------------------------------------------------+-----
Fighting       | 17 19 20 23 27 | 27.0
Dodging        | 22 23 25 27 | 27.0
Unarmed Combat | 17 18 20 23 27 | 27.0
Stealth        | 27 23 | 27.0
Invocations    | 23 27 | 27.0
Evocations     | 25 27 | 27.0

Action                   |  1- 3 |  4- 6 |  7- 9 | 10-12 | 13-15 | 16-18 || total
-------------------------+-------+-------+-------+-------+-------+-------++-------
Melee: Unarmed           |     1 |       |       |     2 |    12 |     5 ||    20
Invok: Berserk           |     1 |       |       |       |     1 |       ||     2
  Use: Potion            |       |       |       |       |     1 |       ||     1
Dodge: Dodged            |       |       |       |       |     2 |       ||     2

Table legend: (Time is in decaauts)
 A = Elapsed time spent in this place.
 B = Non-inter-level travel time spent in this place.
 C = Inter-level travel time spent in this place.
 D = Time resting spent in this place.
 E = Time spent auto-exploring this place.
 F = Levels seen in this place.
 G = Mean time per level.
                   A        B        C        D        E       F      G
               +--------+--------+--------+--------+--------+-----+--------+
         Total |     25 |     25 |      0 |      0 |      0 |   1 |   25.0 |
       Dungeon |     25 |     25 |      0 |      0 |      0 |   1 |   25.0 |
               +--------+--------+--------+--------+--------+-----+--------+

Top non-repeatable levels by time:
       D: 25 daAuts
